 Dungeon Crawl Stone Soup version 0.29.1-2-gbd0b4ee654 (webtiles) character file.

Game seed: 9982439314163265725

159 Lutefisk the Chopper (level 5, -4/48 HPs)
             Began as a Hill Orc Monk on Nov 18, 2022.
             Slain by Menkaure (5 damage)
             ... on level 4 of the Dungeon.
             The game lasted 00:09:19 (1656 turns).

Lutefisk the Chopper (Hill Orc Monk)                Turns: 1656, Time: 00:09:20

Health: -4/48      AC:  5    Str: 14    XL:     5   Next: 40%
Magic:  5/5        EV: 11    Int: 10    God:
Gold:   164        SH:  0    Dex: 15    Spells: 4/4 levels left

rFire   . . .      SeeInvis .   a - +0 hand axe
rCold   . . .      Faith    .   (no shield)
rNeg    . . .      Spirit   .   e - +0 ring mail
rPois   .          Reflect  .   (no helmet)
rElec   .          Harm     .   l - scarf {repulsion}
rCorr   .          Rampage  .   (no gloves)
Will    .....                   (no boots)
Stlth   +.........              (no amulet)
HPRegen 0.16/turn               (no ring)
MPRegen 0.09/turn               (no ring)

@: repel missiles
A: no striking features
a: no special abilities


You were on level 4 of the Dungeon.
You visited 1 branch of the dungeon, and saw 4 of its levels.

You collected 164 gold pieces.

Inventory:

Hand Weapons
 a - a +0 hand axe (weapon)
 k - a +3 whip of venom
Missiles
 f - 2 poisoned darts
 h - a throwing net (quivered)
Armour
 e - a +0 ring mail (worn)
 l - a scarf of repulsion (worn)
Magical Staves
 i - a staff of poison
Scrolls
 d - 4 scrolls of identify {unknown}
Potions
 b - a potion of magic
 c - a potion of ambrosia
 g - a potion of invisibility {unknown}
 j - a potion of might {unknown}


   Skills:
 - Level 5.0 Fighting
 * Level 6.1 Axes
 - Level 2.0 Armour
 - Level 2.4 Dodging
 - Level 1.5 Stealth
 * Level 0.5 Evocations


You had 4 spell levels left.
You didn't know any spells.
Your spell library was empty.

Dungeon Overview and Level Annotations

Branches:
Dungeon (4/15)
 Temple: D:4-7

Altars:
Xom

Annotations:
D:2 Terence
D:4 Eustachio, Menkaure


Message History

Eustachio blinks!
You barely miss the rat.
The rat is severely wounded.
The rat closely misses you.
You hit the rat.
You kill the rat!
The rat's corpse disappears in a puff of smoke!
Eustachio mumbles some strange words.
Eustachio blinks!
Your +3 whip of venom stops dripping with poison.
a - a +0 hand axe (weapon)
You hit Menkaure.
Menkaure is moderately damaged.
Menkaure calls on the powers of darkness!
Your body is wracked with pain!
You hit Menkaure.
Menkaure is moderately damaged.
Menkaure hits you.
You hit Menkaure.
Menkaure is severely damaged.
You hit Menkaure.
Menkaure is severely damaged.
Menkaure hits you!
* * * LOW HITPOINT WARNING * * *
You barely miss Menkaure.
Menkaure is severely damaged.
Menkaure hits you but does no damage.
You barely miss Menkaure.
Menkaure is severely damaged.
Menkaure's bandages flutter.
Menkaure closely misses you.
You hit Menkaure.
Menkaure is almost destroyed.
Menkaure hits you!
* * * LOW HITPOINT WARNING * * *
Okay, then.
You barely miss Menkaure.
Menkaure is almost destroyed.
It was a potion of magic.
Magic courses through your body. Menkaure hits you.
You die...

#....@........
#.............
#.............
#............... ..
#..............# ...#
#####M.............##...#
#....####................
#.......M#####...........
#........@...............
#........................
#....!...$...............
#........####............
#........# #............
#........# #..<.........
######...............###.
#...............#
............##


You could see Menkaure.

Vanquished Creatures
  A jelly (D:3)
  A scorpion zombie (D:2)
  4 adders
  An adder skeleton (D:2)
  A worm (D:3)
  A dart slug (D:3)
  4 endoplasms
  4 giant cockroaches
  3 goblins
  4 hobgoblins
  3 jackals (D:2)
  5 kobolds
  2 quokkas
  7 ball pythons
  2 ball python zombies (D:2)
  6 bats
  2 frilled lizards
  A giant cockroach zombie (D:2)
  A jackal skeleton (D:2)
  8 rats
61 creatures vanquished.

Vanquished Creatures (others)
  3 withered plants (D:2)
3 creatures vanquished.

Grand Total: 64 creatures vanquished

Notes
Turn   | Place    | Note
-------+----------+-------------------------------------------
     0 | D:1      | Lutefisk the Hill Orc Monk began the quest for the Orb.
     0 | D:1      | Reached XP level 1. HP: 19/19 MP: 1/1
   125 | D:1      | Found a faded altar of an unknown god.
   157 | D:1      | Reached XP level 2. HP: 16/27 MP: 2/2
   336 | D:2      | Reached skill level 5 in Fighting
   336 | D:2      | Reached XP level 3. HP: 21/36 MP: 3/3
   359 | D:2      | Found a shimmering altar of Xom.
   504 | D:2      | Reached skill level 5 in Axes
   504 | D:2      | Reached XP level 4. HP: 18/42 MP: 4/4
   636 | D:2      | Noticed Terence
   652 | D:3      | Reached skill level 6 in Axes
   654 | D:3      | HP: 2/42 [poisoned by an adder]
  1072 | D:3      | Reached skill level 1 in Armour
  1072 | D:3      | Reached XP level 5. HP: 43/48 MP: 5/5
  1420 | D:4      | Noticed Menkaure
  1496 | D:4      | Noticed an ogre
  1606 | D:4      | Noticed Eustachio
  1654 | D:4      | HP: 1/48 [Menkaure (8)]
  1656 | D:4      | Slain by Menkaure

Illustrated notes

Levels and vault maps discovered:
D:1:      lemuel_arrival_lava_pool, layout_loops_ring,
          shapermc_ecumenical_altar_mp_vishouse, minmay_misc_feat_plants
D:2:      minmay_angry_zag, layout_rooms, serial_undead, serial_undead_c,
          serial_undead_b, serial_undead_c, serial_undead_a, serial_undead_c,
          serial_undead_f, serial_undead_f, serial_undead_a, serial_undead_f,
          serial_undead_d, basic_altar, minmay_goblin_kobold_house, uniq_terence
D:3:      minmay_door_path, layout_basic
D:4:      layout_basic, trog_book, pf_guarded_unrand_meek, uniq_menkaure,
          uniq_ijyb, uniq_natasha, uniq_eustachio

Skill      XL: |  1  2  3  4  5 |
---------------+----------------+-----
Fighting       | 4 5 |  5.0
Axes           | 5 6 |  6.1
Armour         | 1 2 |  2.0
Dodging        | |  2.4
Stealth        | |  1.5
Evocations     | |  0.5

Action                   |  1- 3 |  4- 6 || total
-------------------------+-------+-------++-------
Melee: Hand axe          |   125 |    57 ||   182
       Punch             |     3 |     2 ||     5
       Staff             |     5 |    11 ||    16
       Whip              |       |    49 ||    49
Throw: Dart              |     1 |     4 ||     5
  Use: Potion            |       |     1 ||     1
 Stab: Sleeping          |     1 |       ||     1
Armor: Ring mail         |    46 |    42 ||    88
Dodge: Dodged            |    78 |    64 ||   142
